 Dungeon Crawl Stone Soup version 0.13-a0-2537-g1f6edf4 (webtiles) character file.

559 Rycklaryybbe the Covert (level 6, 0/41 HPs)
             Began as a Vampire Enchanter on July 27, 2013.
             Killed from afar by an orc wizard (8 damage)
             ... with a magic dart
             ... on Level 4 of the Dungeon.
             The game lasted 00:20:17 (7989 turns).

Rycklaryybbe the Covert (Vampire Enchanter)         Turns: 7989, Time: 00:20:17

HP   0/41        AC  0     Str  3      XL: 6   Next: 61%
MP   4/10        EV 20     Int 17      God:
Gold 142         SH  0     Dex 20      Spells:  3 memorised,  1 level left

Res.Fire  : . . .   See Invis. : +   f - melded +3,+1 orc short sword (venom)
Res.Cold  : + + .   Warding    : .   b - melded +1 robe
Life Prot.: + + +   Conserve   : .   (shield currently unavailable)
Res.Poison: +       Res.Corr.  : .   (helmet currently unavailable)
Res.Elec. : .       Clarity    : .   (cloak currently unavailable)
Sust.Abil.: . .     Spirit.Shd : .   (gloves currently unavailable)
Res.Mut.  : +       Stasis     : .   (boots currently unavailable)
Res.Rott. : +       Flight     : +   r - amulet of resist mutation {unknown}
Saprovore : . . .                    (ring currently unavailable)
                                     (ring currently unavailable)

@: bat-form, regenerating slowly, flying, very quick, slightly resistant to
hostile enchantments, extremely stealthy
A: bottle blood, (fangs 0), see invisible, (unbreathing)
a: Bottle Blood, End Transformation


You were on level 4 of the Dungeon.
You were near bloodless.
You were in vampire bat-form.
You visited 1 branch of the dungeon, and saw 4 of its levels.

You collected 122 gold pieces.

Inventory:

Hand weapons
 a - a +1,+1 dagger {=f}
 f - a +3,+1 orcish short sword of venom (melded)
 t - a +1,+1 orcish dagger of draining
Missiles
 d - 12 darts (quivered)
 g - 11 poisoned darts
 h - 8 poisoned needles
Armour
 b - a +1 robe (melded)
Scrolls
 i - a scroll of magic mapping {unknown}
 j - a scroll of random uselessness {unknown}
 k - 2 scrolls of amnesia {unknown}
 l - 2 scrolls of enchant weapon I {unknown}
 m - 2 scrolls of remove curse {unknown}
 n - a scroll of teleportation {unknown}
 o - a scroll of fog {unknown}
 p - 2 scrolls of identify {unknown}
 q - a scroll of fear {unknown}
Jewellery
 r - an amulet of resist mutation (around neck) {unknown}
Potions
 e - a potion of confusion {unknown}
Books
 c - a book of Maledictions

   Spells                             Type                      Level
   *Corona                            Hexes                        1
   Sure Blade                         Hexes/Charms                 2
   *Ensorcelled Hibernation           Hexes/Ice                    2
   *Confuse                           Hexes                        3
   Enslavement                        Hexes                        4
   Invisibility                       Hexes                        6
 s - a book of Control

   Spells                             Type                      Level
   Control Teleport                   Charms/Translocation         4
   Control Undead                     Necromancy                   4
   Enslavement                        Hexes                        4
   Mass Confusion                     Hexes                        6
   Metabolic Englaciation             Hexes/Ice                    6


   Skills:
 + Level 1.1 Short Blades
 - Level 0.7 Throwing
 - Level 2.1 Dodging
 - Level 10.0 Stealth
 - Level 1.0 Spellcasting
 + Level 6.0 Hexes
 + Level 0.8 Ice Magic


You had one spell level left.
You knew the following spells:

 Your Spells              Type           Power        Failure   Level  Hunger
a - Corona                Hex            ###....      8%          1    ##.....
b - Ensorcelled Hibernat  Hex/Ice        ##....       24%         2    ###....
c - Confuse               Hex            ###.....     21%         3    ####...


Dungeon Overview and Level Annotations

Branches:
Dungeon (4/27)
 Temple: D:4-7

Altars:


Innate Abilities, Weirdness & Mutations

You heal slowly.
You can bottle blood from corpses.
((You have razor-sharp teeth.))*
You have supernaturally acute eyesight.
((You can survive without breathing.))*


Message History

Your uncursed orcish short sword of venom stops dripping with poison.
Your +1 robe melds into your body.
The orc wizard mumbles some strange words.
The orc wizard blinks!
The orc wizard gestures at you while chanting.
The magic dart hits you!
* * * LOW HITPOINT WARNING * * *
The orc misses you.
The orc wizard gestures wildly while chanting.
The orc wizard seems to speed up.
The orc wizard casts a spell at you. You resist.
The orc wizard gestures wildly while chanting.
The orc wizard blinks!
The orc wizard points at you and mumbles some strange words.
The puff of frost hits you! You resist.
* * * LOW HITPOINT WARNING * * *
The orc wizard points at you and mumbles some strange words.
The magic dart hits you!
You die...

...............).ยง...............
............o...)................
.................................
........)......o...).............
........)......o.................
.................................
.................................
....[...(........###.............
......>.>.......b# #.....(.......
.......>.........###.............
.................................
.................................
.................................
...........(.....................
........o.%......................
.......................... ......
............o............ .......


You could see 2 orc wizards and an orc.

Vanquished Creatures
  An orc priest (D:3)
  A giant frog skeleton (D:4)
  3 scorpions
  An iguana (D:4)
  3 orc wizards
  A worker ant (D:4)
  5 gnolls (D:3)
  An adder (D:4)
  A worm (D:3)
  An adder skeleton (D:4)
  A giant gecko (D:1)
  20 orcs
  9 goblins
  7 hobgoblins
  5 jackals
  12 kobolds
  3 quokkas
  A ball python (D:3)
  18 bats
  3 giant cockroaches (D:1)
  7 giant newts
  12 rats
116 creatures vanquished.

Notes
Turn   | Place    | Note
--------------------------------------------------------------
     0 | D:1      | Rycklaryybbe, the Vampire Enchanter, began the quest for the Orb.
     0 | D:1      | Reached XP level 1. HP: 13/13 MP: 4/4
   380 | D:1      | Reached XP level 2. HP: 17/19 MP: 3/5
   388 | D:1      | Learned a level 2 spell: Ensorcelled Hibernation
   760 | D:1      | Reached skill level 5 in Stealth
  1165 | D:1      | Reached XP level 3. HP: 20/24 MP: 4/6
  1812 | D:2      | Reached skill level 6 in Stealth
  2479 | D:3      | Reached XP level 4. HP: 30/30 MP: 5/8
  2482 | D:3      | Reached skill level 7 in Stealth
  3850 | D:3      | Reached skill level 8 in Stealth
  3850 | D:3      | Reached XP level 5. HP: 23/35 MP: 6/9
  4129 | D:3      | Reached skill level 9 in Stealth
  5305 | D:3      | Learned a level 3 spell: Confuse
  5413 | D:3      | Reached XP level 6. HP: 41/41 MP: 8/10
  5534 | D:4      | Reached skill level 10 in Stealth
  6204 | D:4      | Reached skill level 5 in Hexes
  7989 | D:4      | Killed from afar by an orc wizard

Action                   |  1- 3 |  4- 6 || total
-------------------------+-------+-------++-------
Melee: Dagger            |   136 |   132 ||   268
       Short sword       |       |     1 ||     1
 Cast: Corona            |    15 |    11 ||    26
       Ensorcelled Hiber |    22 |    67 ||    89
       Confuse           |       |    16 ||    16
 Abil: Bat Form          |       |     7 ||     7
       End Transformatio |       |     6 ||     6
  Use: Potion            |       |     2 ||     2
 Stab: Sleeping          |    25 |    41 ||    66
       Confused          |       |     3 ||     3
